 Dungeon Crawl Stone Soup version 0.28.0-53-g5a82cb258f (webtiles) character file.

Game seed: 10349055285676953583

84 issech the Chopper (level 4, -1/40 HPs)
             Began as a Minotaur Monk on June 1, 2022.
             Splashed by a jelly's acid (6 damage)
             ... on level 3 of the Dungeon.
             The game lasted 00:03:16 (1923 turns).

issech the Chopper (Minotaur Monk)                  Turns: 1923, Time: 00:03:17

Health: -1/40      AC: -1    Str: 16    XL:     4   Next: 23%
Magic:  3/3        EV:  5    Int:  7    God:
Gold:   70         SH:  0    Dex: 14    Spells: 3/3 levels left

rFire   . . .      SeeInvis .   k - +4 short sword
rCold   . . .      Faith    .   (no shield)
rNeg    . . .      Spirit   .   m - +0 plate armour
rPois   .          Reflect  .   (helmet restricted)
rElec   .          Harm     .   (no cloak)
rCorr   .          Rampage  .   (no gloves)
Will    .....                   (no boots)
Stlth   ..........              (no amulet)
HPRegen 0.13/turn               (no ring)
MPRegen 0.08/turn               (no ring)

@: corroded
A: horns 2, retaliatory headbutt
a: no special abilities


You were on level 3 of the Dungeon.
You visited 1 branch of the dungeon, and saw 3 of its levels.

You collected 70 gold pieces.

Inventory:

Hand Weapons
 a - a +0 hand axe
 j - a +0 whip
 k - a +4 short sword (weapon)
Missiles
 f - 54 sling bullets
 h - 25 stones (quivered)
 i - 43 bolts
Armour
 m - a +0 plate armour (worn)
 p - a +0 chain mail
Scrolls
 d - a scroll of vulnerability {unknown}
 e - 3 scrolls of identify {unknown}
 g - a scroll of fog {unknown}
 l - a scroll of teleportation {unknown}
 q - a scroll of fear {unknown}
 r - a scroll of amnesia {unknown}
Potions
 b - 3 potions of curing {unknown}
 c - a potion of mutation {unknown}
 n - a potion of ambrosia {unknown}
 o - 2 potions of degeneration {unknown}
 s - a potion of berserk rage {unknown}


   Skills:
 + Level 4.2 Fighting
 + Level 1.1 Short Blades
 + Level 4.8 Axes
 + Level 0.6 Armour
 + Level 3.7 Dodging
 + Level 1.9 Stealth


You had 3 spell levels left.
You didn't know any spells.
Your spell library was empty.

Dungeon Overview and Level Annotations

Branches:
Dungeon (3/15)

Altars:


Innate Abilities, Weirdness & Mutations

You have a pair of horns on your head.
You reflexively headbutt those who attack you in melee.


Message History

You now have 70 gold pieces (gained 6).
A goblin comes into view. It is wielding a +0 club.
The goblin hits you but does no damage.
You hit the goblin.
You kill the goblin!
You see here a +0 club.
A bat comes into view.
The bat hits you.
You hit the bat.
The bat is moderately wounded.
The bat hits you but does no damage.
You hit the bat.
You kill the bat!
You see here a bat corpse.
A jelly comes into view.
The jelly barely misses you.
You puncture the jelly! The acid corrodes you!
Your hands burn!
The jelly is severely wounded.
The jelly closely misses you.
You hit the jelly. The acid corrodes you!
Your hands burn!
You headbutt the jelly, but do no damage.
The jelly is almost dead.
The jelly hits you.
You are splashed with acid!
You hit the jelly but do no damage.
Your hands burn!
The jelly is almost dead.
The jelly hits you but does no damage.
You hit the jelly but do no damage.
Your hands burn!
The jelly is almost dead.
The jelly barely misses you.
You hit the jelly but do no damage. The acid corrodes you!
Your hands burn!
The jelly is almost dead.
The jelly hits you.
You are splashed with acid.
* * * LOW HITPOINT WARNING * * *
You hit the jelly but do no damage.
Your hands burn!
* * * LOW HITPOINT WARNING * * *
The jelly is almost dead.
The jelly hits you.
* * * LOW HITPOINT WARNING * * *
You are splashed with acid.
You die...

#.#
#.#.#
#.#.#
#.#.#
#.#.###
#..$..#
#..J..#
#..@..#
#.....#
#.....#
#.#.###
#.#.#
#.#.#
#.#.#
#.#.#
#.#.#


You could see a jelly.

Vanquished Creatures
  4 adders (D:2)
  3 endoplasms
  2 giant cockroaches (D:2)
  3 goblins
  3 hobgoblins
  7 jackals
  5 ball pythons
  4 bats
  3 frilled lizards
  7 kobolds
  5 rats
46 creatures vanquished.

Notes
Turn   | Place    | Note
-------+----------+-------------------------------------------
     0 | D:1      | issech the Minotaur Monk began the quest for the Orb.
     0 | D:1      | Reached XP level 1. HP: 19/19 MP: 0/0
   344 | D:1      | Reached XP level 2. HP: 21/27 MP: 1/1
   748 | D:1      | Found a faded altar of an unknown god.
  1179 | D:2      | Reached XP level 3. HP: 33/33 MP: 2/2
  1424 | D:2      | Reached XP level 4. HP: 33/40 MP: 3/3
  1723 | D:2      | Reached skill level 1 in Short Blades
  1923 | D:3      | Splashed by a jelly's acid

Illustrated notes

Levels and vault maps discovered:
D:1:      amcnicky_arrival_single_pillar, layout_basic,
          shapermc_ecumenical_altar_mp_vishouse
D:2:      layout_loops_ring
D:3:      layout_basic, serial_shops, shop

Skill      XL: |  1  2  3  4 |
---------------+-------------+-----
Axes           | 4 |  4.8
Fighting       | 4 |  4.2
Short Blades   | 1 |  1.1
Armour         | |  0.6
Dodging        | |  3.7
Stealth        | |  1.9

Action                   |  1- 3 |  4- 6 || total
-------------------------+-------+-------++-------
Melee: Hand axe          |    38 |       ||    38
       Headbutt          |     5 |     3 ||     8
       Short sword       |    50 |    22 ||    72
       Punch             |     1 |       ||     1
 Stab: Sleeping          |     1 |       ||     1
Armor: Robe              |     2 |       ||     2
       Plate armour      |    39 |    13 ||    52
       Ring mail         |     2 |       ||     2
Dodge: Dodged            |    52 |    12 ||    64
